 Dungeon Crawl Stone Soup version 0.29.1-12-g30fa7ad0bf (webtiles) character file.

Game seed: 2686745461843614416

78169 soggyman666 the Severer (level 15, -3/137 HPs)
             Began as a Minotaur Fighter on Dec 28, 2022.
             Was the Champion of Trog.
             Shot with an arrow by Nessos (10 damage)
             ... on level 13 of the Dungeon.
             The game lasted 01:45:11 (31605 turns).

soggyman666 the Severer (Minotaur Fighter)         Turns: 31605, Time: 01:45:12

Health: -3/137     AC: 26    Str: 32    XL:     15   Next: 17%
Magic:  14/14      EV: 14    Int:  9    God:    Trog [******]
Gold:   2017       SH:  8    Dex: 16    Spells: 14/14 levels left

rFire   + . .      SeeInvis .   W - +7 broad axe (flame)
rCold   + . .      Faith    .   O - +0 buckler {rC+}
rNeg    + . .      Spirit   .   L - +1 chain mail {Will+}
rPois   +          Reflect  .   T - +0 hat
rElec   .          Harm     .   X - +1 cloak of Sif Muna's Reproof {rPois rF+ Dex+4}
rCorr   .          Rampage  .   V - +2 pair of gloves of Lust {rN+ Int+4}
Will    ++...                   R - +0 pair of boots
Stlth   ..........              M - amulet of regeneration
HPRegen 1.12/turn               f - +4 ring of protection
MPRegen 0.14/turn               Q - +6 ring of strength

@: no status effects
A: horns 2, retaliatory headbutt
a: Renounce Religion, Berserk, Trog's Hand, Brothers in Arms


You were on level 13 of the Dungeon.
You worshipped Trog.
Trog was exalted by your worship.
You visited 6 branches of the dungeon, and saw 23 of its levels.
You also visited: Sewer, Gauntlet and Ice Cave.

You collected 3116 gold pieces.
You spent 1099 gold pieces at shops.

Inventory:

Hand Weapons
 U - a +4 vorpal war axe
 W - a +7 broad axe of flaming (weapon)
Missiles
 q - 7 javelins
 t - 19 poisoned darts
 B - 12 silver javelins
 E - 3 atropa-tipped darts
 I - a silver boomerang
 P - 4 curare-tipped darts
Armour
 d - +0 ice dragon scales
 i - a +0 chain mail of positive energy
 L - a +1 chain mail of willpower (worn)
 O - a +0 buckler of cold resistance (worn)
 R - a +0 pair of boots (worn)
 T - a +0 hat (worn)
 V - the +2 pair of gloves of Lust (worn) {rN+ Int+4}
   (You found it on level 2 of the Lair of Beasts)

   Int:       It affects your intelligence (+4).
   rN:        It protects you from negative energy.
 X - the +1 cloak of Sif Muna's Reproof (worn) {rPois rF+ Dex+4}
   (You found it in a Gauntlet)

   Dex:       It affects your dexterity (+4).
   rF:        It protects you from fire.
   rPois:     It protects you from poison.
Jewellery
 c - a +6 ring of dexterity
 e - a ring of poison resistance
 f - a +4 ring of protection (left hand)
 g - a +4 ring of evasion
 l - an amulet of the acrobat
 n - a ring of willpower
 x - a ring of positive energy
 y - a +4 ring of evasion
 z - a ring of resist corrosion
 A - a ring of see invisible
 F - a ring of protection from cold
 K - an amulet of reflection
 M - an amulet of regeneration (around neck)
 N - a ring of positive energy
 Q - a +6 ring of strength (right hand)
Wands
 o - a wand of charming (16)
 p - a wand of quicksilver (9)
 r - a wand of flame (25) (quivered)
 C - a wand of roots (2)
 G - a wand of polymorph (10)
 H - a wand of mindburst (7)
Scrolls
 a - 5 scrolls of identify
 k - a scroll of butterflies
 m - 4 scrolls of teleportation
 s - a scroll of fear
Potions
 b - 5 potions of might
 h - 2 potions of haste
 j - 9 potions of curing
 u - 8 potions of flight
 v - 2 potions of resistance
 D - a potion of heal wounds
 Z - a potion of invisibility
Miscellaneous
 J - a condenser vane
 S - a box of beasts
 Y - a lightning rod (4/4)


   Skills:
 - Level 13.7 Fighting
 + Level 15.2 Axes
 - Level 8.2 Throwing
 - Level 14.4 Armour
 - Level 9.4 Dodging
 - Level 13.8 Shields
 - Level 8.1 Evocations


You had 14 spell levels left.
You didn't know any spells.
Your spell library contained the following spells:

 Spells                   Type           Power      Damage    Failure   Level
 Necrotise                Necr           0%         1d4       82%         1
 Shock                    Conj/Air       0%         1d3       82%         1
 Summon Small Mammal      Summ           0%         N/A       82%         1
 Ensorcelled Hibernation  Hex/Ice        0%         N/A       91%         2
 Call Canine Familiar     Summ           0%         N/A       99%         3
 Spider Form              Tmut/Pois      0%         N/A       99%         3
 Stone Arrow              Conj/Erth      0%         3d7       99%         3
 Summon Guardian Golem    Hex/Summ       0%         N/A       99%         3
 Swiftness                Air            0%         N/A       99%         3
 Vampiric Draining        Necr           0%         2d6       99%         3
 Airstrike                Air            0%         2d(0-16)  100%        4
 Anguish                  Hex/Necr       0%         N/A       100%        4
 Iskenderun's Mystic Bla  Conj/Tloc      0%         2d3       100%        4
 Petrify                  Tmut/Erth      0%         N/A       100%        4
 Agony                    Necr           0%         N/A       100%        5
 Metabolic Englaciation   Hex/Ice        0%         N/A       100%        5
 Starburst                Conj/Fire      0%         6d3       100%        6
 Statue Form              Tmut/Erth      0%         N/A       100%        6


Dungeon Overview and Level Annotations

Branches:
Dungeon (13/15)            Temple (1/1) D:4            Lair (5/5) D:9
 Shoals (0/4) Lair:2       Spider (0/4) Lair:2        Slime (1/5) Lair:4
    Orc (2/2) D:9             Elf (1/3) Orc:2         Sewer (visited)
  IceCv (visited)         Gauntlet (visited)
 Vaults: D:13-14

Altars:
Ashenzari
Cheibriados
Dithmenos
Elyvilon
Fedhas
Gozag
Hepliaklqana
Kikubaaqudgha
Makhleb
Nemelex Xobeh
Okawaru
Qazlal
Ru
Sif Muna
Trog
Uskayaw
Vehumet
Wu Jian
Xom
Yredelemnul
Zin
The Shining One
Jiyva

Shops:
D:3 :   D:8 ((((   Orc:2 !!?[

Annotations:
D:13 Maurice, Nessos
Lair:5 2 runed translucent doors


Innate Abilities, Weirdness & Mutations

You have a pair of horns on your head.
You reflexively headbutt those who attack you in melee.


Message History

Okay, then.
You feel better.
You carefully extract the barbed spikes from your body.
As you read the scroll of teleportation, it crumbles to dust.
You feel strangely unstable.
Your surroundings suddenly seem different.
Found 6 stones.
The sentinel's mark upon you fades away.
Maurice shouts!
Maurice zaps a wand.
You resist with almost no effort.
Maurice zaps a wand.
You resist with almost no effort.
Maurice zaps a wand.
You resist with almost no effort.
Nessos shouts!
Nessos shoots an arrow.
The arrow hits you.
* * * LOW HITPOINT WARNING * * *
Maurice zaps a wand.
You resist with almost no effort.
The now-empty wand crumbles to dust.
Nessos shoots an arrow.
The arrow hits you but does no damage.
Nessos shoots an arrow.
You block the arrow.
Nessos shoots an arrow.
The arrow hits you but does no damage.
Nessos shoots an arrow.
The arrow hits you.
* * * LOW HITPOINT WARNING * * *
Maurice mumbles some strange words.
Maurice blinks!
Nessos shoots an arrow.
The arrow hits you!
* * * LOW HITPOINT WARNING * * *
The arrow burns you.
* * * LOW HITPOINT WARNING * * *
Maurice hits you with the +7 long sword of Ziuvuch {vamp, SInv}.
* * * LOW HITPOINT WARNING * * *
Maurice steals your +4 flail of venom!
Nessos shoots an arrow.
The arrow hits you!
* * * LOW HITPOINT WARNING * * *
The arrow burns you.
* * * LOW HITPOINT WARNING * * *
There is a stone staircase leading up, spattered with blood here.
Nessos shoots an arrow.
The arrow hits you but does no damage. Maurice hits you but does no damage.
Nessos shoots an arrow.
The arrow hits you!
You die...

..........
.......(.........
##########
##.............
#...########## #...#
#...#
######...###############
.............c..........
.......................ยง
.......@..##############
.......@..# ..........#
..........# ..........#
......[...# ..........#
...........


You could see Nessos (fast) and Maurice.

Vanquished Creatures
  Frances (D:13)
  Gastronok (Lair:3)
  The ghost of Cheops the Peltast, a journeyman MiFi of Yredelemnul (Orc:2)
  Azrael (D:13)
  A minotaur (Gauntlet)
  An ettin (Orc:1)
  10 hydras
  2 boulder beetles
  An ice dragon (IceCv)
  A tengu warrior (D:13)
  A centaur warrior (D:13)
  5 orc high priests (Orc:2)
  A two-headed ogre (D:11)
  A spriggan (Lair:4)
  Urug (D:10)
  2 sixfirhies (Gauntlet)
  Lodul (D:10)
  A lindwurm (Lair:5)
  6 orc knights
  Pikel (D:7)
  3 orc sorcerers (Orc:1)
  A deep elf pyromancer (D:12)
  A cyclops (D:12)
  An ugly thing (D:11)
  A moth of wrath (Gauntlet)
  5 elephants (Lair:1)
  8 black mambas
  A gargoyle (D:13)
  6 cane toads
  2 ice statues (IceCv)
  2 molten gargoyles (Lair:5)
  Maggie (D:8)
  3 unseen horrors
  7 rime drakes
  14 komodo dragons
  3 polar bears
  12 trolls
  A hornet (Lair:4)
  Grinder (D:6)
  Prince Ribbit (D:5)
  18 blink frogs
  3 slime creatures (D:13)
  62 yaks
  2 culicivoras (Lair:2)
  4 shadows
  3 basilisks
  7 wyverns
  4 fire elementals
  2 steam dragons (Lair:5)
  5 vampire mosquitoes
  2 redbacks (Lair:2)
  5 wargs
  An acid dragon (D:9)
  10 water moccasins
  Edmund (D:5)
  5 hell hounds
  A swamp drake (D:9)
  5 small abominations (Gauntlet)
  37 orc warriors
  Pargi (Sewer)
  9 black bears
  A hornet zombie (D:7)
  An ice beast (D:7)
  15 ogres
  29 wolves
  7 centaurs
  A phantom (D:5)
  A lemure (D:7)
  4 kobold brigands
  16 bullfrogs
  3 wyvern zombies (D:7)
  2 necrophages
  A scorpion (D:7)
  3 gnoll sergeants
  A water moccasin zombie (D:7)
  2 wights (D:4)
  4 killer bees (D:10)
  3 lindwurm simulacra (IceCv)
  An electric eel (Lair:5)
  A howler monkey (D:6)
  5 lava snakes (Lair:5)
  2 centaur zombies (D:7)
  A bullfrog zombie (D:4)
  3 jellies
  A human zombie (D:4)
  5 komodo dragon simulacra (IceCv)
  4 hounds
  37 orc priests
  4 iguanas
  An iron imp (D:6)
  Ijyb (D:4)
  29 orc wizards
  A scorpion zombie (D:4)
  A statue (D:9)
  A hound zombie (D:4)
  3 howler monkey zombies
  2 mummies (D:4)
  16 gnolls
  5 acid dragon simulacra (IceCv)
  4 adders
  A shadow imp (D:5)
  4 white imps
  An ufetubus (D:5)
  5 steam dragon simulacra (IceCv)
  2 adder zombies (D:4)
  6 worms
  2 dart slugs
  92 orcs
  9 ball pythons
  6 bats
  8 endoplasms
  4 giant cockroaches
  5 goblins
  7 hobgoblins
  6 jackals
  A quokka (D:1)
  11 frilled lizards
  27 kobolds
  8 rats
  2 bushes (Lair:1)
730 creatures vanquished.

Vanquished Creatures (collateral kills)
  A komodo dragon simulacrum (IceCv)
  2 acid dragon simulacra (IceCv)
3 creatures vanquished.

Vanquished Creatures (others)
  An orc wizard (Orc:1)
  5 bushes (Lair:1)
  21 fungi
  120 plants
147 creatures vanquished.

Grand Total: 880 creatures vanquished

Notes
Turn   | Place    | Note
-------+----------+-------------------------------------------
     0 | D:1      | soggyman666 the Minotaur Fighter began the quest for the
                  | Orb.
     0 | D:1      | Reached XP level 1. HP: 19/19 MP: 0/0
    54 | D:1      | Reached skill level 3 in Axes
    84 | D:1      | Reached XP level 2. HP: 22/26 MP: 1/1
   327 | D:1      | Reached skill level 4 in Axes
   333 | D:1      | Found a faded altar of an unknown god.
   808 | D:1      | Reached XP level 3. HP: 31/31 MP: 2/2
  1230 | D:2      | Reached skill level 5 in Axes
  1475 | D:2      | Reached XP level 4. HP: 39/39 MP: 3/3
  2203 | D:3      | Identified the +5 dagger "Doutwen" {holy, +Blink rF+}
  2369 | D:3      | Reached skill level 6 in Axes
  2379 | D:3      | Reached XP level 5. HP: 27/45 MP: 4/4
  2718 | D:3      | Found Qegun's Book Emporium.
  2755 | D:3      | Reached skill level 7 in Axes
  2875 | D:4      | Reached XP level 6. HP: 40/51 MP: 5/5
  2919 | D:4      | Found a glowing drain.
  2942 | Sewer    | Entered a sewer
  2945 | Sewer    | Noticed Pargi
  2958 | Sewer    | Killed Pargi
  2959 | Sewer    | Reached skill level 8 in Axes
  3517 | D:4      | Reached skill level 9 in Axes
  3517 | D:4      | Reached XP level 7. HP: 29/57 MP: 6/6
  3781 | D:4      | Noticed Ijyb
  3789 | D:4      | Killed Ijyb
  3886 | D:4      | Found a staircase to the Ecumenical Temple.
  3892 | Temple   | Entered the Ecumenical Temple
  4101 | D:4      | Found an ancient bone altar of Kikubaaqudgha.
  4318 | D:5      | Entered Level 5 of the Dungeon
  4336 | D:5      | Reached skill level 5 in Fighting
  4336 | D:5      | Reached skill level 5 in Armour
  4336 | D:5      | Reached skill level 5 in Shields
  4336 | D:5      | Reached XP level 8. HP: 57/68 MP: 7/7
  4419 | D:5      | Noticed Prince Ribbit
  4436 | D:5      | Killed Prince Ribbit
  5294 | D:5      | Noticed Edmund
  5312 | D:5      | Killed Edmund
  5313 | D:5      | Reached skill level 1 in Dodging
  5774 | D:6      | Reached XP level 9. HP: 79/79 MP: 8/8
  5809 | D:6      | Noticed Grinder
  5817 | D:6      | Paralysed by Grinder for 5 turns
  5827 | D:6      | Killed Grinder
  6209 | D:6      | Found a sacrificial altar of Ru.
  6432 | D:6      | Found a snail-covered altar of Cheibriados.
  6693 | D:7      | Got Beowar's Collected Works on Concussion
  6872 | D:7      | Found a basalt altar of Yredelemnul.
  7049 | D:7      | Noticed Pikel
  7060 | D:7      | Killed Pikel
  7341 | D:7      | Reached XP level 10. HP: 81/90 MP: 9/9
  7443 | D:7      | Found a blossoming altar of Fedhas.
  7447 | D:7      | Found a burning altar of Makhleb.
  8044 | D:8      | Reached skill level 5 in Dodging
  8629 | D:8      | Found a bloodstained altar of Trog.
  8632 | D:8      | Found an ornate altar of the Wu Jian Council.
  8634 | D:8      | Found a glowing silver altar of Zin.
  8637 | D:8      | Became a worshipper of Trog the Wrathful
  8641 | D:8      | Noticed Maggie
  8659 | D:8      | Killed Maggie
  8806 | D:8      | Found Hoxkaal's Weapon Emporium.
  8814 | D:8      | Bought 3 atropa-tipped darts for 27 gold pieces
  8856 | D:8      | Found Qomis's Weapon Shop.
  8974 | D:8      | Found a shadowy altar of Dithmenos.
  9023 | D:8      | Found a shimmering altar of Xom.
  9023 | D:8      | Found a shimmering altar of Xom.
  9024 | D:8      | Found a shimmering altar of Xom.
  9026 | D:8      | Found a shimmering altar of Xom.
  9031 | D:8      | Found a shimmering altar of Xom.
  9135 | D:8      | Found Xeko's Antique Weapon Boutique.
  9272 | D:8      | Found Sawiki's Weapon Boutique.
  9385 | D:9      | Found an opulent altar of Gozag.
  9409 | D:9      | Found a staircase to the Lair.
  9697 | Lair:1   | Entered Level 1 of the Lair of Beasts
  9857 | Lair:1   | Reached skill level 10 in Fighting
  9857 | Lair:1   | Reached skill level 10 in Axes
  9857 | Lair:1   | Reached skill level 10 in Armour
  9857 | Lair:1   | Reached skill level 10 in Shields
  9937 | Lair:1   | Reached * piety under Trog
  9978 | D:9      | Found a broken altar of Ashenzari.
 10013 | D:9      | Reached skill level 1 in Throwing
 10042 | D:9      | Found a staircase to the Orcish Mines.
 10064 | D:9      | Reached XP level 11. HP: 78/99 MP: 10/10
 10296 | D:9      | Found an iron altar of Okawaru.
 10665 | D:9      | Found a radiant altar of Vehumet.
 10825 | D:10     | Entered Level 10 of the Dungeon
 11003 | D:10     | Reached ** piety under Trog
 11133 | D:10     | Noticed Lodul
 11155 | D:10     | Killed Lodul
 11156 | D:10     | Reached skill level 5 in Throwing
 11336 | D:10     | Noticed Urug
 11378 | D:10     | Killed Urug
 11383 | D:10     | HP: 1/99 [yak (9)]
 11452 | D:10     | HP: 1/99 [troll (9)]
 12148 | D:10     | Found a shimmering blue altar of Sif Muna.
 13975 | Orc:1    | Entered Level 1 of the Orcish Mines
 13975 | Orc:1    | Noticed an orc sorcerer
 13984 | Orc:1    | Noticed an orc sorcerer
 13986 | Orc:1    | Killed an orc sorcerer
 13988 | Orc:1    | Reached *** piety under Trog
 13992 | Orc:1    | Reached XP level 12. HP: 95/108 MP: 11/11
 14328 | Orc:1    | HP: 4/108 [orc warrior/+0 glaive (21)]
 14331 | Orc:1    | HP: 1/108 [orc warrior/+0 glaive (3)]
 14441 | Orc:1    | Found a frozen archway.
 14442 | Orc:1    | Noticed an ettin
 14451 | IceCv    | Entered an ice cave
 14784 | IceCv    | Reached **** piety under Trog
 14843 | IceCv    | Reached skill level 11 in Axes
 15746 | IceCv    | Noticed an ice dragon
 15860 | IceCv    | Killed an ice dragon
 17010 | D:11     | Noticed a two-headed ogre
 17017 | D:11     | Killed a two-headed ogre
 17018 | D:11     | Reached skill level 1 in Evocations
 17744 | D:12     | Reached skill level 5 in Evocations
 18019 | D:12     | Noticed a boulder beetle
 18033 | D:12     | Killed a boulder beetle
 18442 | D:12     | Reached ***** piety under Trog
 18531 | D:13     | Noticed Frances
 18985 | D:13     | Noticed Maurice
 18988 | D:13     | Noticed Azrael
 19041 | D:13     | Noticed a centaur warrior
 19058 | D:13     | Killed a centaur warrior
 19059 | D:13     | Reached XP level 13. HP: 30/116 MP: 12/12
 20392 | Lair:2   | Found an ornate altar of the Wu Jian Council.
 20551 | Lair:2   | Reached skill level 12 in Axes
 20737 | Lair:2   | Found a staircase to the Shoals.
 21082 | Lair:2   | Identified the +2 pair of gloves of Lust {rN+ Int+4}
 21239 | Lair:2   | Identified the +10 sling "Niuniag" {flame, rF+}
 21751 | Lair:2   | Found a hole to the Spider Nest.
 22741 | Lair:3   | Noticed Gastronok
 22759 | Lair:3   | Killed Gastronok
 22866 | Lair:3   | Received a gift from Trog
 23301 | Lair:3   | You fall into a shaft and drop 1 floor!
 23331 | Lair:4   | Found a viscous altar of Jiyva.
 23331 | Lair:4   | Found a staircase to the Slime Pits.
 23470 | Lair:4   | Found a gate leading to a gauntlet.
 23485 | Lair:4   | Reached skill level 13 in Axes
 23528 | Gauntlet | Entered a Gauntlet
 23528 | Gauntlet | Found a transporter.
 23528 | Gauntlet | Found a transporter.
 23528 | Gauntlet | Found a transporter.
 23541 | Gauntlet | Found a transporter.
 23542 | Gauntlet | Found a transporter.
 23545 | Gauntlet | Found a transporter.
 23554 | Gauntlet | Found a transporter.
 23555 | Gauntlet | Found a transporter.
 23556 | Gauntlet | Found a transporter.
 23556 | Gauntlet | Found a transporter.
 23565 | Gauntlet | Found a transporter.
 23567 | Gauntlet | Found a transporter.
 23948 | Gauntlet | Identified the +1 cloak of Sif Muna's Reproof {rPois rF+
                  | Dex+4}
 23979 | Gauntlet | Noticed a minotaur
 23988 | Gauntlet | Killed a minotaur
 23989 | Gauntlet | Reached XP level 14. HP: 122/129 MP: 0/13
 25422 | Slime:1  | Entered Level 1 of the Pits of Slime
 25422 | Slime:1  | Noticed an acid blob
 25457 | Lair:5   | Entered Level 5 of the Lair of Beasts
 25962 | Lair:5   | Received a gift from Trog
 26278 | Lair:5   | Found a large runed translucent door.
 26279 | Lair:5   | Found a large runed translucent door.
 27490 | Orc:2    | Entered Level 2 of the Orcish Mines
 27694 | Orc:2    | Found a staircase to the Elven Halls.
 27869 | Elf:1    | Entered Level 1 of the Elven Halls
 28427 | Orc:2    | Found a runed translucent door.
 28732 | Orc:2    | Noticed Cheops's ghost (journeyman MiFi)
 28766 | Orc:2    | Reached ****** piety under Trog
 29519 | Orc:2    | Reached skill level 14 in Axes
 29750 | Orc:2    | Reached XP level 15. HP: 119/137 MP: 14/14
 29937 | Orc:2    | Found Cepsix's Antique Armour Boutique.
 29937 | Orc:2    | Found Cell's Magic Scroll Boutique.
 29938 | Orc:2    | Found Ymumigre's Distillery.
 29938 | Orc:2    | Found Xuddeon's Distillery.
 29973 | Orc:2    | Bought 2 potions of heal wounds for 150 gold pieces
 29973 | Orc:2    | Bought a potion of curing for 45 gold pieces
 29973 | Orc:2    | Bought a potion of resistance for 150 gold pieces
 29973 | Orc:2    | Bought a potion of haste for 150 gold pieces
 29973 | Orc:2    | Bought a potion of curing for 45 gold pieces
 29985 | Orc:2    | Bought a scroll of teleportation for 42 gold pieces
 29985 | Orc:2    | Bought a scroll of brand weapon for 133 gold pieces
 29985 | Orc:2    | Bought a scroll of enchant weapon for 105 gold pieces
 29986 | Orc:2    | Bought a potion of haste for 140 gold pieces
 29986 | Orc:2    | Bought a potion of heal wounds for 70 gold pieces
 29986 | Orc:2    | Bought a potion of curing for 42 gold pieces
 30091 | Orc:2    | Killed Cheops's ghost
 31247 | D:13     | Killed Azrael
 31247 | D:13     | Received a gift from Trog
 31248 | D:13     | Reached skill level 15 in Axes
 31577 | D:13     | Noticed Nessos
 31587 | D:13     | Killed Frances
 31597 | D:13     | Identified the +7 long sword of Ziuvuch {vamp, SInv}
 31604 | D:13     | HP: 6/137 [Nessos/arrow (1)]
 31605 | D:13     | Shot with an arrow by Nessos

Illustrated notes

Levels and vault maps discovered:
D:1:      heliophobic_arrival_ceremonial_halls, layout_basic,
          basic_ecumenical_altar
D:2:      layout_basic, serial_bayou_ford_a, st_stairs_2
D:3:      layout_basic, serial_shops, shop_coins, kennysheep_orc_chapel
D:4:      layout_rooms, lemuel_mausoleum_altar_kikubaaqudgha,
          minmay_temple_entry_enclosed_plants, cheibrodos_sewer_entry_bend,
          mrwooster_statue_mirror, uniq_ijyb
D:5:      layout_loops_cross, uniq_edmund, uniq_prince_ribbit1
D:6:      layout_rooms, kennysheep_mini_moat, chei_slow_surprise, uniq_grinder
D:7:      layout_loops_cross, nicolae_yredelemnul_corpse_copse,
          nicolae_overflow_hidden_temple, uniq_pikel
D:8:      layout_basic, grunt_dithmenos_smoke_and_mirrors,
          grunt_temple_overflow_open, xom_redecorated, serial_shops,
          kennysheep_mini, nicolae_shop_behind_doors, nicolae_shop_stone,
          nicolae_diamond_shop, uniq_maggie
D:9:      layout_loops_ring, vehumet_statue, ashenzari_altar_1,
          grunt_gozag_breadcrumbs, mainiacjoe_overflow_surrounded_room,
          david_lair_generic, erik_orc_1
D:10:     layout_basic, kennysheep_orc_sif_temple, uniq_urug, uniq_lodul
D:11:     layout_big_octagon
D:12:     layout_gridville, nrook_mini_vaults
D:13:     layout_long_grid, uniq_frances, uniq_azrael, uniq_maurice, uniq_nessos
Temple:   hellmonk_temple_beads
Lair:1:   layout_gridlike, serial_forest, infiniplex_forest_end_1,
          infiniplex_forest_clump_tiny, infiniplex_forest_lined_room_3,
          infiniplex_forest_straight_4, infiniplex_forest_corner_1,
          infiniplex_forest_clump_medium, infiniplex_forest_straight_2,
          infiniplex_forest_straight_2, beast_lair_carwin_8
Lair:2:   layout_regular_city, minmay_shoals_entry_centaurs,
          spider_nest_entry_funnel_web, basic_altar, serial_bayou_pond_a,
          infiniplex_staircase_pool_2, lemuel_fruit_tree, serial_bayou_shore_b,
          grunt_megastairs_4
Lair:3:   layout_cave_pods, uniq_gastronok
Lair:4:   layout_small_grid, slime_entry_1, gauntlet_entry_generic,
          grunt_forest_large_clearings
Lair:5:   cheibrodos_lair_end_hotspot, layout_regular_city, serial_bayou_shore_a
Slime:1:  layout_caves
Orc:1:    layout_caves, portal_ice_cave_entry_pillars_2, mines2_lemuel
Orc:2:    st_orc_pillars, layout_caves, ebering_ghost_reflecting_pool
Elf:1:    nicolae_elf_arrival_fired_up, layout_loops_ring, serial_shops, shop,
          kennysheep_underground_church, serial_sigils_hangedman_scar,
          uniq_roxanne

Skill      XL: |  1  2  3  4  5  6  7  8  9 10 11 12 13 14 15 |
---------------+----------------------------------------------+-----
Axes           | 3 4 5 6 7 9 10 11 13 14 15 | 15.2
Fighting       | 5 7 8 10 11 13 | 13.7
Armour         | 5 7 8 10 11 13 14 | 14.4
Shields        | 5 7 8 10 11 13 | 13.8
Dodging        | 1 4 6 8 9 |  9.4
Throwing       | 1 6 8 |  8.2
Evocations     | 6 8 |  8.1

Action                   |  1- 3 |  4- 6 |  7- 9 | 10-12 | 13-15 || total
-------------------------+-------+-------+-------+-------+-------++-------
Melee: War axe           |    82 |   147 |   281 |   531 |   277 ||  1318
       Headbutt          |     9 |    21 |    51 |   214 |   265 ||   560
       Trident           |       |       |       |    31 |    20 ||    51
       Hand axe          |       |       |       |   195 |    97 ||   292
       Flail             |       |       |       |    18 |    52 ||    70
       Broad axe         |       |       |       |       |   543 ||   543
Throw: Dart              |       |       |       |    13 |     6 ||    19
       Javelin           |       |       |       |     1 |       ||     1
Invok: Berserk           |       |       |       |     1 |     1 ||     2
       Trog's Hand       |       |       |       |     1 |     1 ||     2
       Brothers in Arms  |       |       |       |       |     1 ||     1
Evoke: Wand              |       |       |       |     1 |     4 ||     5
  Use: Scroll            |     1 |     7 |     9 |    14 |    11 ||    42
       Potion            |       |       |     1 |    11 |     8 ||    20
Armor: Scale mail        |    28 |    58 |       |       |       ||    86
       Chain mail        |       |    24 |   127 |    34 |    11 ||   196
       Plate armour      |       |       |       |   222 |       ||   222
       Ice dragon scales |       |       |       |    83 |   410 ||   493
Dodge: Dodged            |    35 |    71 |   151 |   505 |   597 ||  1359
Block: Buckler           |    20 |    28 |    73 |   421 |   330 ||   872
       Reflection        |       |       |       |     7 |       ||     7
